 Dungeon Crawl Stone Soup version 0.32-a0-433-g08bcfe7efd (webtiles) character file.

Game seed: 6925630365863446047

289 RexLacerta the Slasher (level 6, -3/48 HPs)
             Began as a Demonspawn Gladiator on Feb 22, 2024.
             Slain by Grinder (4 damage)
             ... on level 3 of the Dungeon.
             The game lasted 00:05:44 (2425 turns).

RexLacerta the Slasher (Demonspawn Gladiator)       Turns: 2425, Time: 00:05:44

Health: -3/48      AC:  7    Str: 14    XL:     6   Next: 9%
Magic:  6/6        EV: 12    Int:  8    God:
Gold:   145        SH:  0    Dex: 17    Spells: 5/5 levels left

rFire   . . .        a - +0 long sword
rCold   . . .        (no shield)
rNeg    . . .        b - +0 leather armour
rPois   .            (helmet restricted)
rElec   .            (no cloak)
rCorr   .            g - +0 pair of gloves
SInv    +            (no boots)
Will    .....        (no amulet)
Stlth   +            (no ring)
HPRegen 0.28/turn    (no ring)
MPRegen 0.10/turn

%: no passive effects
@: no status effects
A: horns 1, thin metallic scales 1, demonic guardian 1, see invisible, shaggy
fur 1
a: no special abilities


You were on level 3 of the Dungeon.
You visited 1 branch of the dungeon, and saw 3 of its levels.

You collected 145 gold pieces.

Inventory:

Hand Weapons
 a - a +0 long sword (weapon)
Missiles
 e - a javelin
Armour
 b - a +0 leather armour (worn)
 c - a +0 helmet
 g - a +0 pair of gloves (worn)
Jewellery
 l - a ring of magical power
Scrolls
 f - a scroll of vulnerability {unknown}
 h - a scroll of butterflies {unknown}
 j - a scroll of silence {unknown}
 k - 4 scrolls of identify {unknown}
 m - 2 scrolls of enchant weapon {unknown}
 p - a scroll of noise {unknown}
 q - a scroll of poison {unknown}
 r - 3 scrolls of teleportation {unknown}
Potions
 d - a potion of mutation
 i - a potion of resistance {unknown}
 n - 2 potions of lignification {unknown}
 o - a potion of heal wounds {unknown}


   Skills:
 + Level 3.9 Fighting
 * Level 5.0 Long Blades
 - Level 2.1 Throwing
 - Level 3.0 Dodging


You had 5 spell levels left.
You didn't know any spells.
Your spell library contained the following spells:

 Spells                   Type           Power      Damage    Failure   Level
 Ensorcelled Hibernation  Hex/Ice        0%         N/A       63%         2
 Passwall                 Erth           0%         N/A       86%         3
 Swiftness                Air            0%         N/A       86%         3


Dungeon Overview and Level Annotations

Branches:
Dungeon (3/15)

Altars:
Ashenzari
Fedhas

Annotations:
D:3 Grinder


Innate Abilities, Weirdness & Mutations

You have a pair of small horns on your head.
You are partially covered in thin metallic scales. (AC +2)
A weak demonic guardian rushes to your aid.
You have supernaturally acute eyesight. (SInv)
You are covered in fur. (AC +1)


Message History

You can move again.
You closely miss Grinder.
Grinder is moderately wounded.
Grinder misses you.
You hit Grinder. Your headbutt misses Grinder.
Grinder is heavily wounded.
Grinder hits you.
You writhe in agony.
You closely miss Grinder.
Grinder is heavily wounded.
Grinder hits you!
You writhe in agony.
You are too injured to fight recklessly!
You are too injured to fight recklessly!
Unknown command.
You are too injured to fight recklessly!
You are too injured to fight recklessly!
You are too injured to fight recklessly!
You are too injured to fight recklessly!
You are too injured to fight recklessly!
Unknown command.
You barely miss Grinder. Your headbutt misses Grinder.
Grinder is heavily wounded.
Grinder hits you.
You writhe in agony.
* * * LOW HITPOINT WARNING * * *
You hit Grinder.
Grinder is heavily wounded.
Grinder hits you but does no damage. Grinder barely misses you.
You hit Grinder.
Grinder is heavily wounded.
Grinder hits you.
* * * LOW HITPOINT WARNING * * *
A demonic guardian appears!
You writhe in agony.
* * * LOW HITPOINT WARNING * * *
Okay, then.
Unknown command.
You are too injured to fight recklessly!
It was a potion of mutation.
You feel extremely strange. Fur sprouts all over your body.
Your vision sharpens.
Grinder hits you.
You die...
Grinder says, "Hey, I wasn't done torturing you yet!"

#.......#.........#
###...####.#####.## #...# ### #.#
##### #.# ######### ###.#####
#.......# #.......#
........########## #.......#
.......#.......5######.......###
##......#.######@................
#.......#.# #.<.5.#####.......###
........#.# #.##.######.......#
#...<...#.# #.#......##.......#
##.#.####.###.#..###.####.#######
#....###.....>....#.# #.# #....
##.....########.##.#.# #.# #.###
.......# #.##.#.# ##'###.#
##)....# #.##.#.###...##(# #


You could see Grinder (ally target) and a friendly shadow imp (summoned).

Vanquished Creatures
  2 orc wizards (D:3)
  A gnoll (D:1)
  2 adders (D:2)
  A ribbon worm (D:2)
  2 dart slugs
  2 orcs (D:3)
  6 endoplasms
  2 giant cockroaches (D:2)
  5 goblins
  4 hobgoblins
  4 jackals (D:2)
  4 quokkas
  4 ball pythons
  5 bats
  3 frilled lizards
  4 kobolds (D:2)
  8 rats
59 creatures vanquished.

Vanquished Creatures (collateral kills)
  Sigmund (D:2)
1 creature vanquished.

Grand Total: 60 creatures vanquished

Notes
Turn   | Place    | Note
-------+----------+-------------------------------------------
     0 | D:1      | RexLacerta the Demonspawn Gladiator began the quest for the
                  | Orb.
     0 | D:1      | Reached XP level 1. HP: 16/16 MP: 1/1
    63 | D:1      | Gained mutation: A weak demonic guardian rushes to your
                  | aid. [demonic ancestry]
    63 | D:1      | Reached XP level 2. HP: 21/22 MP: 2/2
   217 | D:1      | Reached skill level 3 in Long Blades
   546 | D:1      | Reached XP level 3. HP: 28/28 MP: 3/3
   803 | D:2      | Noticed Sigmund
   954 | D:2      | Found a blossoming altar of Fedhas.
  1446 | D:2      | Killed Sigmund
  1447 | D:2      | Reached skill level 4 in Long Blades
  1447 | D:2      | Gained mutation: You have a pair of small horns on your
                  | head. [demonic ancestry]
  1447 | D:2      | Reached XP level 4. HP: 32/36 MP: 4/4
  1447 | D:2      | Reached XP level 5. HP: 36/41 MP: 5/5
  1870 | D:3      | Noticed Grinder
  1871 | D:3      | Paralysed by Grinder for 5 turns
  1909 | D:3      | Paralysed by Grinder for 3 turns
  1973 | D:3      | Reached skill level 5 in Long Blades
  1973 | D:3      | Gained mutation: You are partially covered in thin metallic
                  | scales. (AC +2) [demonic ancestry]
  1973 | D:3      | Reached XP level 6. HP: 25/48 MP: 6/6
  2220 | D:3      | Found a broken altar of Ashenzari.
  2222 | D:3      | Found a blossoming altar of Fedhas.
  2407 | D:3      | Paralysed by Grinder for 2 turns
  2414 | D:3      | Paralysed by Grinder for 5 turns
  2424 | D:3      | HP: 1/48 [Grinder (6)]
  2425 | D:3      | Gained mutation: You are covered in fur. (AC +1) [potion of
                  | mutation]
  2425 | D:3      | Gained mutation: You have supernaturally acute eyesight.
                  | (SInv) [potion of mutation]
  2425 | D:3      | Slain by Grinder

Illustrated notes

Levels and vault maps discovered:
D:1:      minmay_arrival_nine_rooms, layout_basic
D:2:      layout_basic, basic_altar, minmay_ruptured, uniq_sigmund
D:3:      layout_loops_corners, mainiacjoe_overflow_divided_tiny,
          nicolae_tso_swordbearing_angel, uniq_grinder

Skill      XL: |  1  2  3  4  5 |
---------------+----------------+-----
Throwing       | 2 |  2.1
Long Blades    | 3 4 5 |  5.0
Dodging        | 3 |  3.0
Fighting       | 3 |  3.9

Action                     |  1- 3 |  4- 6 || total
---------------------------+-------+-------++-------
  Melee: Long sword        |   106 |    64 ||   170
         Headbutt          |       |    11 ||    11
  Throw: Throwing net      |     3 |       ||     3
    Use: Potion            |     1 |     1 ||     2
   Stab: Sleeping          |     4 |     2 ||     6
 Armour: Leather armour    |    61 |    55 ||   116
  Dodge: Dodged            |    93 |    43 ||   136

Table legend: (Time is in decaauts)
 A = Elapsed time spent in this place.
 B = Non-inter-level travel time spent in this place.
 C = Inter-level travel time spent in this place.
 D = Time resting spent in this place.
 E = Time spent auto-exploring this place.
 F = Levels seen in this place.
 G = Mean time per level.
                   A        B        C        D        E       F      G
               +--------+--------+--------+--------+--------+-----+--------+
         Total |   2445 |   1915 |    530 |    177 |   1245 |   3 |  815.0 |
       Dungeon |   2445 |   1915 |    530 |    177 |   1245 |   3 |  815.0 |
               +--------+--------+--------+--------+--------+-----+--------+

Top non-repeatable levels by time:
     D:1: 1011 daAuts
     D:2: 818 daAuts
     D:3: 615 daAuts
